 Dungeon Crawl Stone Soup version 0.20.1-1-g8b1a95d (webtiles) character file.

40188 Folque the Thaumaturge (level 14, -7/78 HPs)
             Began as a Tengu Conjurer on Oct 31, 2017.
             Was an Elder of Sif Muna.
             Mangled by an ettin
             ... wielding a +0 dire flail
              (13 damage)
             ... on level 11 of the Dungeon on Nov 1, 2017.
             The game lasted 03:08:55 (24705 turns).

Folque the Thaumaturge (Tengu Conjurer)            Turns: 24705, Time: 03:08:56

Health: -7/78      AC:  8    Str: 11    XL:     14   Next: 9%
Magic:  3/32       EV: 15    Int: 34    God:    Sif Muna [****..]
Gold:   798        SH:  0    Dex: 15    Spells: 3/40 levels left

rFire    + + .     SeeInvis .   C - +9 hand axe of Atwil {elec, Dex+3}
rCold    . . .     Gourm    .   (no shield)
rNeg     . . .     Faith    .   K - +0 leather armour of Pocuuc {rF++ Int+7 Dex-4}
rPois    .         Spirit   .   (helmet restricted)
rElec    .         Reflect  .   D - +1 cloak
rCorr    +         Harm     .   j - +1 pair of gloves {Str+3}
MR       +....                  (boots unavailable)
Stlth    ++........             (no amulet)
Regen    0.3/turn               o - +4 ring of intelligence
MPRegen  0.3/turn               O - ring of Wiotocs {rCorr Int+3}

@: liquefying, slowed movement, very slow
A: beak, talons 3, able to fly 2
a: Fly, Divine Energy, Channel Magic, Forget Spell, Renounce Religion


You were on level 11 of the Dungeon.
You worshipped Sif Muna.
Sif Muna was greatly pleased with you.
You were not hungry.

You visited 4 branches of the dungeon, and saw 21 of its levels.
You also visited: Labyrinth.

You collected 1257 gold pieces.
You spent 459 gold pieces at shops.

Inventory:

Hand Weapons
 w - a +3 mace of crushing
 C - the +9 hand axe of Atwil (weapon) {elec, Dex+3}
   (You found it on level 6 of the Dungeon)

   Occasionally, upon striking a foe, it will discharge some electrical energy
   and cause terrible harm.
   It affects your dexterity (+3).
Missiles
 P - 4 throwing nets (quivered)
Armour
 j - a +1 pair of gloves of strength (worn)
 D - a +1 cloak (worn)
 K - the +0 leather armour of Pocuuc (worn) {rF++ Int+7 Dex-4}
   (You bought it in a shop on level 9 of the Dungeon)

   It affects your intelligence (+7).
   It affects your dexterity (-4).
   It greatly protects you from fire.
Magical Staves
 c - an uncursed staff of fire
 y - an uncursed staff of cold
Jewellery
 m - an uncursed ring of ice
 o - a +4 ring of intelligence (left hand)
 N - an uncursed ring of protection from fire
 O - the ring of Wiotocs (right hand) {rCorr Int+3}
   (You found it in a labyrinth)

   [ring of resist corrosion]

   It affects your intelligence (+3).
 S - a +3 ring of strength {unknown}
 T - a +5 ring of slaying
Wands
 a - a wand of enslavement (11/24)
 e - a wand of digging (24/24)
 i - a wand of lightning (1/15)
 u - a wand of disintegration (8/24)
 z - a wand of acid (1/15)
 B - a wand of flame (31/48)
 E - a wand of confusion (12/48)
 R - a wand of clouds (5/9)
 Y - a wand of confusion (27/48)
 Z - a wand of digging (11/24)
Scrolls
 d - 4 scrolls of teleportation
 n - a scroll of holy word
 r - a scroll of amnesia
 t - 2 scrolls of identify
 L - 2 scrolls of recharging
Potions
 g - 6 potions of haste
 k - a potion of ambrosia
 p - 2 potions of resistance {unknown}
 q - a potion of mutation {unknown}
 s - 2 potions of flight {unknown}
 v - 3 potions of lignification
 x - a potion of brilliance {unknown}
 F - a potion of agility
 V - a potion of heal wounds {unknown}
Books
 b - a book of Conjurations

   Spells                             Type                      Level
   a - Magic Dart                     Conjuration                  1
   b - Searing Ray                    Conjuration                  2
   c - Dazzling Spray                 Conjuration/Hexes            3
   d - Fulminant Prism                Conjuration/Hexes            4
   e - Force Lance                    Conjuration/Translocation    4
   f - Iskenderun's Mystic Blast      Conjuration                  4
 A - a book of Party Tricks

   Spells                             Type                      Level
   a - Summon Butterflies             Summoning                    1
   b - Apportation                    Translocation                1
   c - Lesser Beckoning               Translocation                3
   d - Tukima's Dance                 Hexes                        3
   e - Alistair's Intoxication        Transmutation/Poison         5
   f - Invisibility                   Hexes                        6
 G - Sif Muna's Incunabulum of Creative Clay
   (Sif Muna gifted it to you on level 6 of the Lair of Beasts)

   Spells                             Type                      Level
   a - Call Imp                       Summoning                    2
   b - Call Canine Familiar           Summoning                    3
   c - Recall                         Summoning/Translocation      3
   d - Summon Mana Viper              Hexes/Summoning              5
   e - Summon Demon                   Summoning                    5
   f - Shadow Creatures               Summoning                    6
   g - Statue Form                    Transmutation/Earth          6
   h - Lehudib's Crystal Spear        Conjuration/Earth            8
 M - a book of Power

   Spells                             Type                      Level
   a - Iskenderun's Battlesphere      Conjuration/Charms           5
   b - Venom Bolt                     Conjuration/Poison           5
   c - Bolt of Magma                  Conjuration/Fire/Earth       5
   d - Iron Shot                      Conjuration/Earth            6
   e - Orb of Destruction             Conjuration                  7
   f - Spellforged Servitor           Conjuration/Summoning        7
 Q - a Fen Folio

   Spells                             Type                      Level
   a - Corpse Rot                     Necromancy                   2
   b - Stone Arrow                    Conjuration/Earth            3
   c - Leda's Liquefaction            Hexes/Earth                  4
   d - Summon Forest                  Summoning/Translocation      5
   e - Hydra Form                     Transmutation                6
   f - Summon Hydra                   Summoning                    7
 U - a book of Geomancy

   Spells                             Type                      Level
   a - Sandblast                      Earth                        1
   b - Passwall                       Transmutation/Earth          2
   c - Stone Arrow                    Conjuration/Earth            3
   d - Petrify                        Transmutation/Earth          4
   e - Lee's Rapid Deconstruction     Earth                        5
 W - a book of Fire

   Spells                             Type                      Level
   a - Ignite Poison                  Fire/Transmutation/Poison    3
   b - Fireball                       Conjuration/Fire             5
   c - Bolt of Fire                   Conjuration/Fire             6
   d - Ring of Flames                 Charms/Fire                  7
   e - Ignition                       Fire                         8
Miscellaneous
 H - a crystal ball of energy
 J - a sack of spiders
Comestibles
 f - 13 royal jellies
 h - 19 fruits
 l - 4 meat rations


   Skills:
 - Level 5.0 Fighting
 - Level 5.2 Axes
 - Level 7.0 Armour
 - Level 5.3 Dodging
 - Level 2.0 Stealth
 * Level 13.5 Spellcasting
 - Level 11.5 Conjurations
 - Level 2.4 Hexes
 + Level 10.2 Summonings
 - Level 5.0 Translocations
 - Level 4.0 Earth Magic
 - Level 5.0 Invocations


You had 3 spell levels left.
You knew the following spells:

 Your Spells              Type           Power        Failure   Level  Hunger
a - Magic Dart            Conj           ####         1%          1    None
b - Searing Ray           Conj           ######       1%          2    None
c - Dazzling Spray        Conj/Hex       ######       1%          3    None
d - Force Lance           Conj/Tloc      ######..     1%          4    None
e - Iskenderun's Mystic   Conj           #######.     1%          4    None
f - Leda's Liquefaction   Hex/Erth       #####.....   6%          4    None
g - Summon Forest         Summ/Tloc      ######....   2%          5    None
h - Stone Arrow           Conj/Erth      ######       1%          3    None
i - Bolt of Magma         Conj/Fire/Erth ######....   8%          5    None
j - Shadow Creatures      Summ           N/A          5%          6    ###....


Dungeon Overview and Level Annotations

Branches:
Dungeon (12/15)            Temple (1/1) D:7            Lair (6/6) D:11
  Swamp (0/4) Lair:3        Snake (0/4) Lair:3        Slime (0/5) Lair:6
    Orc (2/2) D:11
    Elf: Orc:2

Altars:
Ashenzari
Cheibriados
Dithmenos
Elyvilon
Fedhas
Gozag
Hepliaklqana
Kikubaaqudgha
Makhleb
Nemelex Xobeh
Okawaru
Qazlal
Ru
Sif Muna
Trog
Uskayaw
Vehumet
Xom
Yredelemnul
Zin
The Shining One
Jiyva

Shops:
D:7 [   D:9 [   D:11 =

Portals:
Hell: Lair:6

Annotations:
D:12 Azrael
Lair:3 exclusion: 3 oklob plants
Lair:6 1 runed door


Innate Abilities, Weirdness & Mutations

You have a beak for a mouth.
You have claws for feet.
You can fly continuously.


Message History

Evoking this partially-identified wand wasted a few charges.
The orc closely misses you.
The ettin becomes momentarily stuck in the liquid earth.
The ettin hits you with a dire flail!
* * * LOW HITPOINT WARNING * * *
There is a staircase back to the Dungeon here.
Space becomes stable.
The orc hits you.
* * * LOW HITPOINT WARNING * * *
You climb upwards.
Welcome back to the Dungeon!
There is a staircase to the Orcish Mines here.
Aiming: Corrosive Bolt (will waste charges)
Press: ? - help, Shift-Dir - straight line, f - ettin
Aim: an ettin, wielding two dire flails (heavily wounded, covering ground slowly)
The bolt of acid hits the ettin.
The ettin is splashed with acid.
The ettin is almost dead.
Evoking this partially-identified wand wasted a few charges.
The orc no longer looks unusually strong.
The orc misses you. The ettin hits you with a dire flail!
You die...

####### #######......
######## #............
#......# #............
##......####............
#.......#.......≈...).##
#.....o.#.......≈.....##
#.....C@#...............
#.......................
#.................###...
#..........###.#### #...
##.........###'## ####
#..............#
#..............########
##....∩......>.........
##........##'#########


You could see an ettin and an orc.

Vanquished Creatures
  A minotaur (Lab)
  Harold (D:11)
  A hydra (Lair:5)
  A catoblepas (Lair:6)
  3 two-headed ogres
  A death yak (Lair:6)
  3 unseen horrors
  The ghost of Irenicus the Martial Artist, a novice OpCK of Xom (D:9)
  A wizard (Lair:6)
  An ugly thing (D:11)
  6 elephants
  5 black mambas
  A torpor snail (Lair:3)
  A smoke demon (Lair:6)
  An orange demon (Lair:6)
  9 spiny frogs
  5 rime drakes
  8 komodo dragons
  2 trolls
  2 hornets
  14 hippogriffs
  8 blink frogs
  Sigmund (D:6)
  13 yaks
  3 wyverns
  2 basilisks (Lair:3)
  3 hungry ghosts
  2 soldier ants (D:9)
  5 porcupines
  2 hell hounds (Lair:6)
  15 water moccasins
  A hornet zombie (D:6)
  A sky beast (D:11)
  2 ice beasts
  6 orc warriors
  3 necrophages
  The ghost of keglanek the Slasher, an amateur MiBe of Trog (D:3)
  A black bear (D:6)
  6 ogres
  A phantom (D:9)
  An eye of draining (D:9)
  4 centaurs
  11 crocodiles
  11 bullfrogs
  A water moccasin zombie (D:7)
  A wyvern skeleton (D:11)
  5 scorpions
  10 wights
  7 howler monkeys
  3 crimson imps
  A centaur zombie (D:8)
  3 jellies
  4 centaur skeletons
  2 bullfrog zombies
  9 orc priests
  3 hounds
  12 orc wizards
  2 bullfrog skeletons
  Ijyb (D:5)
  2 iguanas
  6 worker ants
  A killer bee zombie (D:10)
  A worker ant zombie (D:9)
  4 gnolls (D:8)
  11 adders
  3 shadow imps
  2 oozes
  3 adder skeletons
  4 worms
  2 dart slugs
  7 leopard geckos
  46 orcs
  7 bats
  7 giant cockroaches
  13 goblins
  8 hobgoblins
  4 jackals (D:8)
  6 quokkas
  A ball python (D:6)
  7 frilled lizards
  A jackal zombie (D:5)
  9 kobolds
  2 leopard gecko skeletons
  5 rats
  A fungus (Lair:5)
  3 plants
401 creatures vanquished.

Vanquished Creatures (collateral kills)
  2 hydras
  Nergalle (Lair:1)
  A sixfirhy (Lair:6)
  An orc sorcerer (Orc:2)
  A black mamba (Lair:6)
  4 elephants (Lair:6)
  2 spiny frogs
  3 orange demons (Lair:6)
  A rime drake (Lair:6)
  A komodo dragon (Lair:6)
  An ice devil (Lair:6)
  A red devil (Lair:6)
  3 blink frogs
  2 hippogriffs
  A hell hound (Lair:6)
  3 crocodiles
  2 orc wizards (Orc:2)
  4 orcs (Orc:2)
  3 fungi
  3 plants
40 creatures vanquished.

Vanquished Creatures (others)
  An orc (D:8)
  11 fungi
  5 plants
  A snaplasher vine (Lair:6)
18 creatures vanquished.

Grand Total: 459 creatures vanquished

Notes
Turn   | Place    | Note
-------+----------+-------------------------------------------
     0 | D:1      | Folque the Tengu Conjurer began the quest for the Orb.
     0 | D:1      | Reached XP level 1. HP: 10/10 MP: 4/4
   184 | D:1      | Reached skill level 1 in Fighting
   184 | D:1      | Reached XP level 2. HP: 9/16 MP: 4/6
   190 | D:1      | Learned a level 2 spell: Searing Ray
   541 | D:1      | Reached XP level 3. HP: 19/20 MP: 1/7
   620 | D:1      | Learned a level 3 spell: Dazzling Spray
  1273 | D:2      | Reached XP level 4. HP: 26/26 MP: 4/8
  1746 | D:2      | Found a deep blue altar of Sif Muna.
  1749 | D:2      | Became a worshipper of Sif Muna the Loreminder
  2060 | D:3      | Noticed keglanek's ghost (amateur MiBe)
  2378 | D:3      | Gained mutation: You can fly. [Tengu growth]
  2378 | D:3      | Reached XP level 5. HP: 22/31 MP: 4/9
  3138 | D:4      | Noticed an orc warrior
  3181 | D:5      | Entered Level 5 of the Dungeon
  3272 | D:5      | Reached skill level 3 in Spellcasting
  3282 | D:5      | Reached XP level 6. HP: 31/36 MP: 0/11
  3719 | D:4      | Reached * piety under Sif Muna
  3988 | D:5      | Reached skill level 4 in Spellcasting
  4068 | D:5      | Reached XP level 7. HP: 38/41 MP: 5/14
  4093 | D:5      | Noticed Ijyb
  4143 | D:5      | Killed Ijyb
  4162 | D:5      | Found a white marble altar of Elyvilon.
  4609 | D:6      | Reached skill level 5 in Spellcasting
  4864 | D:6      | Got an ichor-stained hand axe
  4865 | D:6      | Identified the +9 hand axe of Atwil {elec, Dex+3} (You found it on level 6 of the Dungeon)
  5091 | D:6      | Reached XP level 8. HP: 46/46 MP: 0/17
  5330 | D:4      | Reached skill level 6 in Spellcasting
  5853 | D:3      | Killed keglanek's ghost
  5868 | D:3      | Reached ** piety under Sif Muna
  6426 | D:6      | Found a white marble altar of Elyvilon.
  6434 | D:6      | Reached skill level 7 in Spellcasting
  6450 | D:6      | Reached skill level 1 in Axes
  6603 | D:6      | Noticed Sigmund
  7001 | D:6      | Killed Sigmund
  7001 | D:6      | Reached skill level 10 in Conjurations
  7001 | D:6      | Reached XP level 9. HP: 50/50 MP: 12/20
  7064 | D:6      | Learned a level 4 spell: Force Lance
  7120 | D:7      | Noticed a hornet
  7234 | D:7      | Found a staircase to the Ecumenical Temple.
  7246 | D:7      | Reached skill level 1 in Armour
  7541 | D:7      | Reached skill level 1 in Translocations
  7603 | D:7      | Found Ineutako's Armour Shop.
  7809 | D:7      | Found a glowing silver altar of Zin.
  7834 | D:7      | Paralysed by a hornet for 3 turns
  7837 | D:7      | Killed a hornet
  7837 | D:7      | Reached skill level 5 in Axes
  8360 | Temple   | Entered the Ecumenical Temple
  9066 | D:8      | Noticed a hornet
  9589 | D:8      | Reached *** piety under Sif Muna
  9746 | D:8      | Killed a hornet
  9746 | D:8      | Reached skill level 5 in Armour
  9908 | D:8      | Reached XP level 10. HP: 53/56 MP: 8/21
 10171 | D:9      | Found Kyerphi's Armour Shop.
 10255 | D:9      | Reached skill level 1 in Invocations
 10684 | D:9      | Noticed a two-headed ogre
 10689 | D:9      | Killed a two-headed ogre
 11011 | D:9      | Noticed Irenicus's ghost (novice OpCK)
 11021 | D:9      | Killed Irenicus's ghost
 11616 | D:9      | Reached skill level 5 in Translocations
 11652 | D:9      | Bought the +0 leather armour of Pocuuc {rF++ Int+7 Dex-4} for 459 gold pieces
 11713 | D:10     | Entered Level 10 of the Dungeon
 11729 | D:10     | Reached skill level 5 in Invocations
 11749 | D:10     | Killed an unseen horror
 11954 | D:10     | Reached XP level 11. HP: 49/60 MP: 18/23
 12021 | D:10     | Reached **** piety under Sif Muna
 12067 | D:10     | Reached skill level 8 in Spellcasting
 12093 | D:10     | Learned a level 4 spell: Iskenderun's Mystic Blast
 12216 | D:10     | Noticed a two-headed ogre
 12226 | D:10     | Killed a two-headed ogre
 12728 | D:10     | Noticed a two-headed ogre
 12739 | D:10     | Killed a two-headed ogre
 12739 | D:10     | Reached skill level 9 in Spellcasting
 13136 | D:10     | Reached skill level 5 in Dodging
 13613 | D:11     | Reached skill level 1 in Hexes
 13633 | D:11     | Noticed Harold
 13666 | D:11     | Killed Harold
 13812 | D:11     | Noticed a cyan ugly thing
 13824 | D:11     | Killed a cyan ugly thing
 13824 | D:11     | Reached skill level 10 in Spellcasting
 13979 | D:11     | Killed an unseen horror
 13979 | D:11     | Reached ***** piety under Sif Muna
 14105 | D:11     | Found a staircase to the Lair.
 14139 | D:11     | Received a gift from Sif Muna
 14146 | D:11     | Learned a level 4 spell: Leda's Liquefaction
 14152 | D:11     | Learned a level 5 spell: Summon Forest
 14195 | D:11     | Reached skill level 1 in Summonings
 14195 | D:11     | Reached XP level 12. HP: 64/64 MP: 12/27
 14400 | D:11     | Found a staircase to the Orcish Mines.
 14401 | D:11     | Found Zuxeanash's Jewellery Shop.
 14569 | D:11     | Reached skill level 1 in Earth Magic
 14574 | D:11     | Learned a level 3 spell: Stone Arrow
 14640 | D:12     | Noticed Azrael
 14677 | Lair:1   | Entered Level 1 of the Lair of Beasts
 14779 | Lair:1   | You fall through a shaft!
 14992 | Lair:1   | Found a labyrinth entrance.
 15037 | Lab      | Entered a labyrinth
 15312 | Lab      | Noticed a minotaur
 15324 | Lab      | Killed a minotaur
 15339 | Lab      | Got a shimmering arbalest
 15339 | Lab      | Got a sparkling jade ring
 15411 | Lair:1   | Noticed Nergalle
 15434 | Lair:1   | Reached skill level 5 in Summonings
 15439 | Lair:1   | Identified the ring of Wiotocs {rCorr Int+3} (You found it in a labyrinth)
 15825 | Lair:1   | Killed Nergalle
 17862 | Lair:3   | Found a staircase to the Swamp.
 18157 | Lair:3   | Found a staircase to the Snake Pit.
 19288 | Lair:4   | Reached skill level 11 in Spellcasting
 19426 | Lair:4   | Received a gift from Sif Muna
 19426 | Lair:4   | Reached XP level 13. HP: 44/72 MP: 12/29
 19438 | Lair:4   | Learned a level 5 spell: Bolt of Magma
 19698 | Lair:4   | Reached skill level 5 in Fighting
 20033 | Lair:4   | You are sucked into a shaft for 2 floors!
 20033 | Lair:6   | Entered Level 6 of the Lair of Beasts
 21011 | Lair:5   | Reached skill level 12 in Spellcasting
 22322 | Lair:6   | Found a runed door.
 22323 | Lair:6   | Found a viscous altar of Jiyva.
 22325 | Lair:6   | Noticed an acid blob
 22328 | Lair:6   | Found a staircase to the Slime Pits.
 22371 | Lair:6   | Received a gift from Sif Muna
 22378 | Lair:6   | Identified Sif Muna's Incunabulum of Creative Clay (Sif Muna gifted it to you on level 6 of the Lair of Beasts)
 22609 | Lair:6   | Learned a level 6 spell: Shadow Creatures
 22670 | Lair:5   | Reached skill level 13 in Spellcasting
 23602 | Lair:6   | Found a burning altar of Makhleb.
 23634 | Lair:6   | Gained mutation: You can fly continuously. [Tengu growth]
 23634 | Lair:6   | Reached XP level 14. HP: 27/78 MP: 8/32
 23780 | Lair:6   | Reached skill level 10 in Summonings
 23895 | Lair:6   | Found a gateway to Hell.
 24347 | Orc:1    | Entered Level 1 of the Orcish Mines
 24684 | Orc:2    | Entered Level 2 of the Orcish Mines
 24705 | D:11     | Mangled by an ettin

Skill      XL: |  1  2  3  4  5  6  7  8  9 10 11 12 13 14 |
---------------+-------------------------------------------+-----
Fighting       | 1 2 3 4 5 |  5.0
Conjurations   | 6 7 8 9 10 11 | 11.5
Spellcasting   | 3 4 5 7 10 11 13 | 13.5
Axes           | 3 5 |  5.2
Armour         | 5 7 |  7.0
Translocations | 3 5 |  5.0
Invocations    | 5 |  5.0
Dodging        | 3 5 |  5.3
Hexes          | 2 |  2.4
Summonings     | 1 7 9 10 | 10.2
Earth Magic    | 3 4 |  4.0
Stealth        | |  2.0

Action                   |  1- 3 |  4- 6 |  7- 9 | 10-12 | 13-15 || total
-------------------------+-------+-------+-------+-------+-------++-------
Melee: Unarmed           |     8 |       |       |       |       ||     8
       Club              |     5 |       |       |       |       ||     5
       Peck              |     5 |     6 |     4 |    22 |     8 ||    45
       Kick              |     6 |     7 |    11 |    38 |    10 ||    72
       Dagger            |    40 |    41 |       |       |       ||    81
       Mace              |       |       |    10 |       |       ||    10
       Hand axe          |       |       |    64 |   189 |    30 ||   283
Throw: Throwing net      |       |       |       |       |     1 ||     1
 Cast: Magic Dart        |    28 |    52 |    47 |    41 |     2 ||   170
       Dazzling Spray    |     1 |    10 |    30 |    56 |    10 ||   107
       Searing Ray       |       |    12 |    37 |    21 |     2 ||    72
       Force Lance       |       |       |    26 |   107 |    85 ||   218
       Iskenderun's Myst |       |       |       |    18 |    16 ||    34
       Stone Arrow       |       |       |       |    45 |    59 ||   104
       Leda's Liquefacti |       |       |       |     5 |     5 ||    10
       Summon Forest     |       |       |       |     3 |    13 ||    16
       Bolt of Magma     |       |       |       |       |    19 ||    19
       Shadow Creatures  |       |       |       |       |     5 ||     5
Invok: Channel Magic     |       |       |       |     4 |     9 ||    13
       Divine Energy     |       |       |       |     1 |       ||     1
       Stop Divine Energ |       |       |       |       |     1 ||     1
 Abil: Fly               |       |     1 |     2 |       |     1 ||     4
Evoke: Wand              |       |       |     3 |     2 |     2 ||     7
  Use: Scroll            |     2 |     5 |     9 |    13 |     6 ||    35
       Potion            |     1 |       |       |     6 |     3 ||    10
 Stab: Sleeping          |     4 |       |     4 |     4 |       ||    12
       Invisible         |       |     1 |     2 |     4 |       ||     7
       Distracted        |       |       |     1 |       |       ||     1
  Eat: Chunk             |     2 |    10 |    10 |    28 |    20 ||    70
       Meat ration       |       |       |     2 |       |       ||     2
       Fruit             |       |       |     2 |       |     1 ||     3
       Bread ration      |       |       |       |     1 |       ||     1
Armor: Robe              |    10 |       |    10 |       |       ||    20
       Ring mail         |       |       |       |    12 |       ||    12
       Leather armour    |       |       |       |    42 |    10 ||    52
Dodge: Dodged            |    40 |    32 |    51 |   121 |    39 ||   283
